 Dungeon Crawl Stone Soup version 0.22-a0-166-g5351223 (webtiles) character file.

2800 Borgoz the Skirmisher (level 9, 0/81 HPs)
             Began as a Minotaur Fighter on Feb 13, 2018.
             Was a High Priest of the Shining One.
             Slain by a big kobold (1 damage)
             ... on level 7 of the Dungeon.
             The game lasted 00:11:36 (5442 turns).

Borgoz the Skirmisher (Minotaur Fighter)            Turns: 5442, Time: 00:11:37

Health: 0/81       AC:  4    Str: 21    XL:     9   Next: 44%
Magic:  8/8        EV: 14    Int:  5    God:    the Shining One [*****.]
Gold:   240        SH: 11    Dex: 16    Spells: 8/8 levels left

rFire    . . .     SeeInvis .   a - +1 war axe
rCold    . . .     Gourm    .   c - +0 shield
rNeg     + + .     Faith    +   G - +2 leather armour {rPois}
rPois    +         Spirit   .   (helmet restricted)
rElec    .         Reflect  .   (no cloak)
rCorr    .         Harm     .   (no gloves)
MR       .....                  (no boots)
Stlth    +.........             t - amulet of faith
HPRegen  0.23/turn              i - +3 ring of dexterity
MPRegen  0.11/turn              y - -2 ring of protection

@: glowing
A: retaliatory headbutt, horns 2
a: Divine Shield, Cleansing Flame, Summon Divine Warrior, Renounce Religion


You were on level 7 of the Dungeon.
You worshipped the Shining One.
The Shining One was extremely pleased with you.
You were not hungry.

You visited 2 branches of the dungeon, and saw 8 of its levels.
You also visited: Sewer and Ossuary.

You collected 240 gold pieces.

Inventory:

Hand Weapons
 a - a +1 war axe (weapon)
 b - a +4 whip
 A - a +2 vampiric war axe
 C - a +0 hand axe of electrocution
 H - the +12 long sword "Hatsout" {pain, *Noise MR- Dex+10 SInv}
   (You found it on level 6 of the Dungeon)

   In the hands of one skilled in necromantic magic, it inflicts extra damage on
   living creatures.
   It affects your dexterity (+10).
   It affects your resistance to hostile enchantments.
   It lets you see invisible.
   It may make noises in combat.
   The Shining One disapproves of the use of such an item.
Armour
 c - a +0 shield (worn)
 e - a +1 scale mail
 G - a +2 leather armour of poison resistance (worn)
Jewellery
 i - a +3 ring of dexterity (left hand)
 t - an amulet of faith (around neck)
 y - a -2 ring of protection (right hand)
Wands
 q - a wand of acid (6)
 E - a wand of iceblast (12)
Scrolls
 h - 2 scrolls of enchant armour
 r - a scroll of blinking
 u - 2 scrolls of fog
 w - a scroll of teleportation {unknown}
 x - a scroll of identify
 z - a scroll of amnesia
 B - a scroll of holy word {unknown}
 F - a scroll of brand weapon {unknown}
Potions
 g - 2 potions of resistance
 j - 4 potions of haste
 k - 2 potions of heal wounds {unknown}
 l - a potion of cancellation
 m - 3 potions of agility {unknown}
 n - a potion of brilliance
 o - a potion of degeneration {unknown}
 p - 3 potions of flight
 s - 3 potions of invisibility
 v - 4 potions of curing
Books
 D - a book of Conjurations

   Spells                             Type                      Level
   a - Magic Dart                     Conjuration                  1
   b - Searing Ray                    Conjuration                  2
   c - Dazzling Spray                 Conjuration/Hexes            3
   d - Fulminant Prism                Conjuration/Hexes            4
   e - Force Lance                    Conjuration/Translocation    4
   f - Iskenderun's Mystic Blast      Conjuration                  4
Comestibles
 f - 10 rations


   Skills:
 + Level 7.9 Fighting
 + Level 7.3 Axes
 + Level 7.9 Armour
 + Level 6.2 Dodging
 + Level 7.9 Shields


You had 8 spell levels left.
You didn't know any spells.

Dungeon Overview and Level Annotations

Branches:
Dungeon (7/15)             Temple (1/1) D:4

Altars:
Ashenzari
Dithmenos
Makhleb
Qazlal
Ru
Sif Muna
Xom
Zin
The Shining One


Innate Abilities, Weirdness & Mutations

You reflexively headbutt those who attack you in melee.
You have a pair of horns on your head.


Message History

* * * LOW HITPOINT WARNING * * *
You block the giant cockroach's attack.
You slash the centaur!
You kill the centaur!
You slash the kobold!
You kill the kobold!
Your shield prevents you from hitting the kobold.
Your shield prevents you from hitting the big kobold.
You hit the giant cockroach. You block the kobold's attack.
The big kobold hits you. The Shining One protects you from harm!
The giant cockroach misses you.
You barely miss the big kobold. Your headbutt misses the big kobold.
The big kobold is severely wounded.
You hit the kobold.
You kill the kobold!
You slash the giant cockroach!
You kill the giant cockroach!
The big kobold hits you.
You die...

. .. %.. ....
###########.....
.......))†......
.##....(@#
K......(K#
.........+
#........#
#.#......# #
#..$....
....####.# ####.
.# #. ..


You could see a big kobold.

Vanquished Creatures
  The ghost of zero the Covert, a novice FeEn (D:7)
  Grinder (D:4)
  The ghost of Borgoz the Skirmisher, an amateur MiAK of Lugonu (D:4)
  The ghost of KristoblXynda the Slasher, an amateur DrGl (D:3)
  An ice beast (D:6)
  Purgy (Sewer)
  A necrophage (D:6)
  2 centaurs
  An elf skeleton (D:5)
  A water moccasin zombie (Ossuary)
  A scorpion (D:6)
  6 killer bees (D:6)
  A crimson imp (D:6)
  A bullfrog zombie (D:6)
  2 hounds
  A quasit (D:5)
  4 orc priests
  A bullfrog skeleton (D:5)
  2 human zombies (D:5)
  An iguana (D:4)
  4 orc wizards
  5 worker ants
  10 big kobold zombies (Ossuary)
  3 hound skeletons
  2 mummies (Ossuary)
  7 gnolls
  10 adders
  2 shadow imps
  An ooze (D:6)
  5 adder zombies
  5 worms
  2 dart slugs
  7 leopard geckos
  9 orcs
  4 bats
  14 giant cockroaches
  2 gnoll zombies (Ossuary)
  8 hobgoblins
  6 jackals
  16 kobolds
  3 quokkas
  A ball python (D:3)
  2 frilled lizards
  10 goblins
  2 hobgoblin zombies (Ossuary)
  4 kobold zombies (Ossuary)
  A leopard gecko skeleton (D:4)
  3 orc skeletons (D:5)
  6 orc zombies (Ossuary)
  8 rats
193 creatures vanquished.

Notes
Turn   | Place    | Note
-------+----------+-------------------------------------------
     0 | D:1      | Borgoz the Minotaur Fighter began the quest for the Orb.
     0 | D:1      | Reached XP level 1. HP: 19/19 MP: 0/0
   110 | D:1      | Reached XP level 2. HP: 27/27 MP: 1/1
   191 | D:1      | Reached skill level 1 in Dodging
   635 | D:1      | Reached XP level 3. HP: 33/33 MP: 2/2
   762 | D:2      | Reached XP level 4. HP: 18/40 MP: 3/3
  1735 | D:3      | Reached XP level 5. HP: 47/47 MP: 4/4
  1736 | D:3      | Noticed KristoblXynda's ghost (amateur DrGl)
  1744 | D:3      | Killed KristoblXynda's ghost
  1744 | D:3      | Reached XP level 6. HP: 27/55 MP: 5/5
  2049 | D:3      | Reached skill level 5 in Armour
  2059 | D:3      | Reached skill level 5 in Shields
  2084 | D:3      | Reached skill level 5 in Fighting
  2472 | D:4      | Found a stormy altar of Qazlal.
  2538 | D:4      | Noticed Borgoz's ghost (amateur MiAK)
  2545 | D:4      | Killed Borgoz's ghost
  2560 | D:4      | Found a staircase to the Ecumenical Temple.
  2571 | D:4      | Reached XP level 7. HP: 49/61 MP: 6/6
  2617 | D:4      | Noticed Grinder
  2673 | D:4      | Killed Grinder
  2872 | D:4      | Found a glowing drain.
  2881 | D:4      | Reached skill level 5 in Axes
  2893 | Sewer    | Entered a sewer
  3012 | Sewer    | Noticed Purgy
  3024 | Sewer    | Killed Purgy
  3380 | Temple   | Entered the Ecumenical Temple
  3385 | Temple   | Became a worshipper of the Shining One
  3407 | D:5      | Entered Level 5 of the Dungeon
  3410 | D:5      | Reached XP level 8. HP: 70/70 MP: 7/7
  3512 | D:5      | Found a sand-covered staircase.
  3517 | Ossuary  | Entered an ossuary
  3649 | Ossuary  | Reached * piety under the Shining One
  3683 | Ossuary  | Reached ** piety under the Shining One
  3732 | Ossuary  | Reached *** piety under the Shining One
  3849 | D:5      | Reached **** piety under the Shining One
  3849 | D:5      | Reached skill level 5 in Dodging
  4397 | D:5      | Found a shattered altar of Ashenzari.
  4602 | D:6      | Reached XP level 9. HP: 79/79 MP: 8/8
  5088 | D:6      | Got an ivory long sword
  5116 | D:6      | Identified the +12 long sword "Hatsout" {pain, *Noise MR- Dex+10 SInv} (You found it on level 6 of the Dungeon)
  5425 | D:7      | Noticed zero's ghost (novice FeEn)
  5431 | D:7      | Reached ***** piety under the Shining One
  5440 | D:7      | Killed zero's ghost
  5440 | D:7      | HP: 1/81 [centaur (5)]
  5441 | D:7      | The Shining One protects you from harm!
  5442 | D:7      | Slain by a big kobold

Vault maps used:
D:1:      evilmike_arrival_run_for_it
D:2:      first_ration
D:4:      minmay_temple_entry_mist, gup_sewer_entry_pipe,
          nicolae_qazlal_eye_of_the_storm, uniq_grinder
D:5:      wad_crossroads, basic_altar, nicolae_ossuary_entry_catacombs
D:7:      the_bakery, xom_teletrap_fun, uniq_pikel
Temple:   compressed_dpeg_triangle_lava_temple
Sewer:    kennysheep_door_sewer
Ossuary:  ossuary_tomb_2

Skill      XL: |  1  2  3  4  5  6  7  8  9 |
---------------+----------------------------+-----
Dodging        | 1 2 3 4 5 6 |  6.2
Fighting       | 4 5 6 7 |  7.9
Armour         | 4 5 6 7 |  7.9
Shields        | 4 5 6 7 |  7.9
Axes           | 3 4 5 6 7 |  7.3

Action                   |  1- 3 |  4- 6 |  7- 9 || total
-------------------------+-------+-------+-------++-------
Melee: War axe           |    59 |   112 |   261 ||   432
       Headbutt          |    12 |    22 |    61 ||    95
       Hand axe          |       |       |    56 ||    56
  Use: Potion            |       |     1 |     4 ||     5
       Scroll            |       |     7 |     6 ||    13
  Eat: Chunk             |       |     5 |     7 ||    12
       Ration            |       |       |     1 ||     1
Armor: Scale mail        |    30 |    38 |    81 ||   149
       Skin              |       |       |    12 ||    12
       Leather armour    |       |       |     3 ||     3
Dodge: Dodged            |    21 |    32 |   138 ||   191
Block: Shield            |    49 |    61 |   152 ||   262

Table legend:
 A = Spawn XP
 B = Non-spawn XP
 C = Spawn XP percentage of total XP
 D = Spawn monster count
 E = Non-spawn monster count
 F = Spawn count percentage of total count
 G = Total turns spent on level
                    A         B        C        D         E        F      G
               +---------+---------+-------+---------+---------+-------+---------
         Total |       0 |    4001 |   0.0 |       0 |     193 |   0.0 |  5442
               +---------+---------+-------+---------+---------+-------+---------
           D:1 |       0 |      41 |   0.0 |       0 |      21 |   0.0 |   670
           D:2 |       0 |     136 |   0.0 |       0 |      24 |   0.0 |   936
           D:3 |       0 |     311 |   0.0 |       0 |      28 |   0.0 |   861
           D:4 |       0 |     753 |   0.0 |       0 |      22 |   0.0 |   795
           D:5 |       0 |     705 |   0.0 |       0 |      29 |   0.0 |   716
           D:6 |       0 |     914 |   0.0 |       0 |      20 |   0.0 |   957
           D:7 |       0 |     574 |   0.0 |       0 |      12 |   0.0 |    28
         Sewer |       0 |     151 |   0.0 |       0 |       6 |   0.0 |   160
       Ossuary |       0 |     416 |   0.0 |       0 |      31 |   0.0 |   308
               +---------+---------+-------+---------+---------+-------+---------
